 Dungeon Crawl Stone Soup version 0.29.1-2-gbd0b4ee654 (webtiles) character file.

Game seed: 8107917831206584099

142 styxcanada the Covert (level 5, -1/26 HPs)
             Began as a Spriggan Brigand on Oct 30, 2022.
             Killed from afar by Ijyb (11 damage)
             ... with a puff of flame
             ... on level 3 of the Dungeon.
             The game lasted 00:11:03 (3015 turns).

styxcanada the Covert (Spriggan Brigand)            Turns: 3015, Time: 00:11:03

Health: -1/26      AC:  5    Str:  7    XL:     5   Next: 3%
Magic:  6/6        EV: 17    Int: 13    God:
Gold:   117        SH:  0    Dex: 18    Spells: 3/4 levels left

rFire   . . .      SeeInvis +   a - +2 dagger
rCold   . . .      Faith    .   (no shield)
rNeg    . . .      Spirit   .   b - +0 robe
rPois   .          Reflect  .   (helmet restricted)
rElec   .          Harm     .   h - +2 cloak {Stlth+}
rCorr   .          Rampage  .   (gloves unavailable)
Will    .....                   (boots unavailable)
Stlth   +++++.....              (no amulet)
HPRegen 0.08/turn               (no ring)
MPRegen 0.10/turn               (no ring)

@: very quick
A: very small, no large weapons, unfitting armour, see invisible, speed 3
a: no special abilities


You were on level 3 of the Dungeon.
You visited 1 branch of the dungeon, and saw 3 of its levels.

You collected 117 gold pieces.

Inventory:

Hand Weapons
 a - a +2 dagger (weapon)
 i - a +0 sling
Missiles
 e - 3 curare-tipped darts (quivered)
 f - 18 stones
Armour
 b - a +0 robe (worn)
 h - a +2 cloak of stealth (worn)
Jewellery
 q - a ring of resist corrosion
Scrolls
 c - a scroll of enchant weapon {unknown}
 g - a scroll of immolation {unknown}
 k - a scroll of butterflies {unknown}
 p - a scroll of teleportation {unknown}
Potions
 j - a potion of degeneration {unknown}
 l - a potion of magic {unknown}
 m - 2 potions of curing {unknown}
 n - 2 potions of invisibility {unknown}
 o - a potion of might {unknown}


   Skills:
 * Level 2.0 Fighting
 + Level 3.1 Short Blades
 + Level 2.6 Throwing
 * Level 2.1 Dodging
 * Level 8.0 Stealth
 * Level 0.3 Spellcasting
 * Level 0.2 Conjurations


You had 3 spell levels left.
You knew the following spells:

 Your Spells              Type           Power      Damage    Failure   Level
a - Magic Dart            Conj           0%         1d3       28%         1

Your spell library contained the following spells:

 Spells                   Type           Power      Damage    Failure   Level
 Sandblast                Erth           0%         2d4       30%         1
 Searing Ray              Conj           0%         2d4       38%         2
 Passwall                 Tmut/Erth      0%         N/A       41%         2
 Gell's Gravitas          Tloc           0%         N/A       65%         3
 Lesser Beckoning         Tloc           0%         N/A       65%         3
 Stone Arrow              Conj/Erth      0%         3d7       65%         3
 Teleport Other           Tloc           0%         N/A       65%         3
 Fulminant Prism          Conj/Hex       0%         3d6       96%         4


Dungeon Overview and Level Annotations

Branches:
Dungeon (3/15)

Altars:

Annotations:
D:3 Ijyb


Innate Abilities, Weirdness & Mutations

You are very small and have problems with some larger weapons.
You are too small for most types of armour.
You have supernaturally acute eyesight. (SInv)
You cover ground extremely quickly. (Speed+++)


Message History

Throw: 6 darts (poison)
Press: ? - help, Q - select action, (/) - cycle Shift-Dir - straight line, f - Ijyb
Aim: Ijyb, wielding a +0 vampiric dagger, wearing a +0 ring mail and carrying a wand of flame (14) (lightly wounded, 60% to hit)
You throw a poisoned dart. The poisoned dart hits Ijyb.
Ijyb is poisoned.
Ijyb is lightly wounded.
Throw: 5 darts (poison)
Press: ? - help, Q - select action, (/) - cycle Shift-Dir - straight line, f/p - Ijyb
Aim: Ijyb, wielding a +0 vampiric dagger, wearing a +0 ring mail and carrying a wand of flame (14) (lightly wounded, poisoned, 60% to hit)
You throw a poisoned dart. The poisoned dart hits Ijyb.
Ijyb is lightly wounded.
Ijyb hits you with a +0 vampiric dagger.
Ijyb draws strength from your wounds!
Throw: 4 darts (poison)
Press: ? - help, Q - select action, (/) - cycle Shift-Dir - straight line, f/p - Ijyb
Aim: Ijyb, wielding a +0 vampiric dagger, wearing a +0 ring mail and carrying a wand of flame (14) (lightly wounded, poisoned, 60% to hit)
You throw a poisoned dart. The poisoned dart hits Ijyb.
Ijyb looks even sicker.
Ijyb is lightly wounded.
Found a spear.
Throw: 3 darts (poison)
Press: ? - help, Q - select action, (/) - cycle Shift-Dir - straight line, f/p - Ijyb
Aim: Ijyb, wielding a +0 vampiric dagger, wearing a +0 ring mail and carrying a wand of flame (14) (moderately wounded, poisoned, 60% to hit)
You throw a poisoned dart. The poisoned dart barely misses Ijyb.
The poisoned dart closely misses the orc.
The poisoned dart barely misses the orc.
The poisoned dart hits the orc.
The orc is poisoned.
Found 4 stones.
Ijyb zaps a wand.
The puff of flame hits you!
A ball python comes into view.
Throw: 2 darts (poison)
Press: ? - help, Q - select action, (/) - cycle Shift-Dir - straight line, f/p - Ijyb
Aim: Ijyb, wielding a +0 vampiric dagger, wearing a +0 ring mail and carrying a wand of flame (13) (heavily wounded, poisoned, 60% to hit)
You throw a poisoned dart. The poisoned dart hits Ijyb.
Ijyb looks even sicker.
Ijyb is heavily wounded.
Throw: dart (poison)
Press: ? - help, Q - select action, (/) - cycle Shift-Dir - straight line, f/p - Ijyb
Aim: Ijyb, wielding a +0 vampiric dagger, wearing a +0 ring mail and carrying a wand of flame (13) (heavily wounded, very poisoned, 60% to hit)
You throw a poisoned dart. The poisoned dart closely misses Ijyb.
The orc priest casts a cantrip, but nothing happens.
Ijyb zaps a wand.
The puff of flame hits you!
You die...

#.####.#.......#
######.#.....(......#
....(..(..o.........#
.#.###......o(......#
.#..o........^...####
....####.....o.g.#
.#.## #.........#
..... .........o.##
.#..............@.#
#######...........#
.. #.........# ?..
..(......# ...
.S.......# ##########


You could see Ijyb (very poisoned), an orc priest, 3 orcs and a ball python
(asleep).

Vanquished Creatures
  Jessica (D:3)
  3 adders
  4 worms
  4 dart slugs
  5 orcs (D:3)
  9 ball pythons
  6 endoplasms
  3 giant cockroaches
  6 goblins
  4 hobgoblins
  2 quokkas
  5 bats
  2 frilled lizards
  4 kobolds
  5 rats
63 creatures vanquished.

Notes
Turn   | Place    | Note
-------+----------+-------------------------------------------
     0 | D:1      | styxcanada the Spriggan Brigand began the quest for the
                  | Orb.
     0 | D:1      | Reached XP level 1. HP: 10/10 MP: 2/2
    36 | D:1      | Found a faded altar of an unknown god.
    40 | D:1      | Reached skill level 6 in Stealth
   311 | D:1      | Reached XP level 2. HP: 14/14 MP: 3/3
  1788 | D:2      | Reached XP level 3. HP: 18/18 MP: 4/4
  1824 | D:2      | You fall into a shaft and drop 1 floor!
  2122 | D:2      | Reached skill level 7 in Stealth
  2513 | D:3      | Reached XP level 4. HP: 18/23 MP: 5/5
  2658 | D:3      | Learned a level 1 spell: Magic Dart
  2967 | D:3      | Noticed Ijyb
  2967 | D:3      | Noticed Jessica
  2974 | D:3      | Killed Jessica
  2980 | D:3      | Reached XP level 5. HP: 19/26 MP: 6/6
  2984 | D:3      | Reached skill level 8 in Stealth
  3015 | D:3      | Killed from afar by Ijyb

Illustrated notes

Levels and vault maps discovered:
D:1:      erik_arrival_orb_chamber, layout_basic,
          nicolae_ecumenical_snake_handling, chequers_serial_rivers_room_a,
          minmay_pentomino_t2
D:2:      layout_basic
D:3:      layout_rooms, minmay_puff, uniq_ijyb, uniq_jessica

Skill      XL: |  1  2  3  4  5 |
---------------+----------------+-----
Stealth        | 6 7 8 |  8.0
Short Blades   | 3 |  3.1
Dodging        | 2 |  2.1
Fighting       | 2 |  2.0
Throwing       | |  2.6
Spellcasting   | |  0.3
Conjurations   | |  0.2

Action                   |  1- 3 |  4- 6 || total
-------------------------+-------+-------++-------
Melee: Dagger            |    84 |    75 ||   159
Throw: Dart              |    13 |    23 ||    36
 Stab: Sleeping          |    21 |     7 ||    28
       Distracted        |       |     1 ||     1
Armor: Robe              |    10 |     8 ||    18
Dodge: Dodged            |    31 |    44 ||    75
